Get step-by-step instructions on how to execute this build order below. Start the game timer, and the build order will tick by so you can play in parallel with StarCraft on a second screen or mobile device.

Game Time

  0:00

Last Step

  N/A

Next Step

Upcoming Step



Don't want to look back and forth between 2 screens? Try out our Overwolf App, the Spawning Tool Build Advisor to get an in-game overlay with this build!

Complete Build Order

  12  0:00  Drone  
  13  0:12  Overlord  
  13  0:17  Drone  
  14  0:30  Drone  
  14  0:31  Drone  
  16  0:51  Hatchery  
  16  0:53  Drone  
  16  1:08  Spawning Pool  
  15  1:12  Drone, Extractor  
  15  1:17  Drone  
  16  1:21  Drone  
  16  1:25  Drone  
  18  1:49  Overlord  
  18  1:55  Queen  
  18  1:56  Zergling x4  
  22  2:03  Zergling x2  
  22  2:04  Extractor  
  23  2:16  Metabolic Boost  
  23  2:17  Queen  
  25  2:24  Zergling x4  
  26  2:31  Drone x2  
  28  2:37  Drone x2  
  30  2:48  Zergling x2  
  31  2:53  Queen  
  33  3:05  Zergling x2  
  33  3:06  Zergling x2  
  33  3:07  Overlord x2  
  35  3:18  Overlord  
  35  3:28  Hatchery  
  35  3:33  Zergling x2  
  35  3:34  Zergling x2  
  36  3:37  Drone x2  
  38  3:43  Drone  
  37  3:54  Zergling x10  
  36  4:06  Lair  
  36  4:09  Drone x3  
  39  4:19  Drone x2  
  39  4:20  Drone x2  
  39  4:21  Drone  
  44  4:35  Drone x2  
  44  4:36  Drone x4  
  50  4:39  Extractor  
  50  4:40  Extractor  
  48  4:46  Roach Warren  
  48  4:47  Drone  
  48  4:48  Drone  
  49  4:57  Drone x4  
  49  4:58  Drone  
  53  5:29  Roach x4  
  53  5:30  Roach x2  
  65  5:37  Glial Reconstitution  
  65  5:42  Evolution Chamber  
  65  5:43  Roach  
  65  5:44  Overlord x2  
  65  5:45  Overlord x2  
  65  5:48  Overseer  
  61  6:07  Roach x10  
  81  6:21  Ravager x2  
  81  6:22  Ravager  
  84  6:26  Extractor  
  84  6:30  Roach x2  
  87  6:39  Ravager  
  88  6:46  Overlord x3  
  88  6:56  Roach x2  
  88  6:58  Overlord x3  
  87  7:06  Roach x7  
  101  7:17  Roach x6  
  111  7:24  Roach x3  
  113  7:30  Roach x2  
  104  7:39  Roach x3